 Dungeon Crawl Stone Soup version 0.30-a0-930-gb9d0489357 (webtiles) character file.

Game seed: 1425767866878000420

2250 kiwi3s the Fighter (level 9, -6/121 HPs)
             Began as a Minotaur Berserker on Mar 23, 2023.
             Was an Elder of Trog.
             Mangled by Joseph
             ... wielding a +0 quarterstaff
              (10 damage)
             ... on level 7 of the Dungeon.
             The game lasted 00:07:29 (6270 turns).

kiwi3s the Fighter (Minotaur Berserker)             Turns: 6270, Time: 00:07:30

Health: -6/121     AC:  5    Str: 27    XL:     9   Next: 15%
Magic:  0/8        EV: 18    Int:  4    God:    Trog [****..]
Gold:   483        SH:  0    Dex:  9    Spells: 8/8 levels left

rFire   . . .      SeeInvis .    a - +0 hand axe
rCold   . . .      Faith    .    (no shield)
rNeg    . . .      Spirit   +    h - +0 leather armour
rPois   .          Reflect  .    (helmet restricted)
rElec   .          Rampage  .    f - +0 cloak
rCorr   .                        (no gloves)
Will    .....                    (no boots) Stlth
                                 l - amulet of guardian spirit
HPRegen 0.40/turn                d - +5 ring of evasion
MPRegen 0.11/turn                (no ring)

@: berserking, lethally poisoned (-6 -> -18), slowed
A: horns 2, retaliatory headbutt
a: Renounce Religion, Berserk, Trog's Hand, Brothers in Arms


You were on level 7 of the Dungeon.
You worshipped Trog.
Trog was greatly pleased with you.
You visited 1 branch of the dungeon, and saw 7 of its levels.
You also visited: Ossuary.

You collected 483 gold pieces.

Inventory:

Hand Weapons
 a - a +0 hand axe (weapon)
Missiles
 y - a throwing net (quivered)
Armour
 b - a +0 animal skin
 f - a +0 cloak (worn)
 g - a +0 kite shield
 h - a +0 leather armour (worn)
 r - a +0 chain mail
 J - a +0 buckler
Jewellery
 d - a +5 ring of evasion (left hand)
 l - an amulet of guardian spirit (around neck)
 o - a ring of magical power
 O - a ring of fire
Wands
 w - a wand of digging (1)
 M - a wand of flame (19)
 N - a wand of roots (13)
Scrolls
 e - 2 scrolls of enchant weapon {unknown}
 j - a scroll of amnesia
 k - a scroll of fear
 v - 3 scrolls of poison
 z - a scroll of torment {unknown}
 A - a scroll of vulnerability {unknown}
 C - 2 scrolls of immolation {unknown}
 D - 4 scrolls of identify
 E - a scroll of magic mapping {unknown}
 F - 2 scrolls of teleportation {unknown}
 G - a scroll of blinking {unknown}
 H - a scroll of enchant armour {unknown}
 I - a scroll of summoning {unknown}
Potions
 c - 3 potions of brilliance {unknown}
 i - a potion of cancellation {unknown}
 m - 3 potions of heal wounds {unknown}
 n - a potion of resistance {unknown}
 p - 9 potions of curing {unknown}
 q - 4 potions of attraction {unknown}
 s - 2 potions of lignification {unknown}
 t - 3 potions of might {unknown}
 u - 2 potions of flight {unknown}
 x - 4 potions of mutation {unknown}
 B - a potion of berserk rage {unknown}
 K - a potion of haste
 L - 2 potions of magic {unknown}


   Skills:
 + Level 8.2 Fighting
 + Level 8.1 Axes
 + Level 7.6 Armour
 + Level 7.0 Dodging


You had 8 spell levels left.
You didn't know any spells.
Your spell library was empty.

Dungeon Overview and Level Annotations

Branches:
Dungeon (7/15)             Temple (0/1) D:6         Ossuary (visited)

Altars:
Gozag
Nemelex Xobeh
Okawaru
Zin

Annotations:
D:5 2 transporters, pigah's ghost, novice OpWn
D:7 Joseph


Innate Abilities, Weirdness & Mutations

You have a pair of horns on your head.
You reflexively headbutt those who attack you in melee.


Message History

You feel yourself speed up.
You feel very sick. The hornet misses you. You furiously retaliate!
You headbutt the hornet.
Joseph zaps a wand.
You easily resist.
The hornet stings you!
You suddenly lose the ability to move!
You can move again.
You feel sick. The hornet stings you.
You are more poisoned.
You shrug off the repeated paralysis!
You feel very sick.
Joseph zaps a wand.
You easily resist.
The hornet closely misses you.
You feel very sick.
Joseph unwields a +0 sling.
Joseph wields a +0 quarterstaff.
Joseph closely misses you. You furiously retaliate!
You headbutt Joseph! You hit Joseph but do no damage. You headbutt Joseph!
Joseph is moderately wounded.
You hit the hornet but do no damage.
You feel sick. The hornet closely misses you.
Joseph hits you with a +0 quarterstaff!!
The hornet stings you!
* * * LOW HITPOINT WARNING * * *
You feel yourself slow down.
A red film seems to cover your vision as you go berserk!
You feel yourself moving faster!
You feel mighty! Trog will no longer gift you weapons.
You feel yourself speed up.
You feel very sick. The hornet misses you. Joseph misses you.
The hornet stings you.
* * * LOW HITPOINT WARNING * * *
You are more poisoned.
You feel yourself slow down. Joseph hits you but does no damage.
You barely miss Joseph.
Joseph is moderately wounded.
You completely miss the hornet.
You feel very sick. The hornet stings you!
* * * LOW HITPOINT WARNING * * *
You feel as though you will be slow longer.
Joseph hits you with a +0 quarterstaff!
You die...

#.# .###### #.#
#. ....... #.#
#.##### #
####### #.#
#.#...#.# .....
#.# .....#.##
##### #.#
#....... #.#
#.....# #.#
########..@..#
#.#
#........@...#
#.#
#........y...#
#.#
#..........$.#
#.#
##............#
#.#
#..........####
#.#
#....(...###
#.# #.########
#.# #.# #.# #.#


You could see Joseph and a hornet.

Vanquished Creatures
  Maggie (D:7)
  A wraith (Ossuary)
  Duvessa (D:6)
  A sky beast (D:6)
  2 ice beasts (D:5)
  2 ogres
  A centaur (D:7)
  A phantom (D:5)
  A kobold brigand (D:6)
  A bullfrog (D:6)
  A gnoll sergeant (D:5)
  3 scorpions
  Dowan (D:6)
  4 hounds
  3 jellies (D:4)
  A gnoll bouda (D:4)
  A sleepcap (D:6)
  An iguana (D:5)
  An orc wizard (D:5)
  A mummy (Ossuary)
  15 gnolls
  7 adders
  An ufetubus (D:5)
  2 worms
  3 dart slugs
  15 orcs
  19 ball pythons
  9 bats
  16 endoplasms
  4 giant cockroaches
  12 hobgoblins
  2 jackals (D:2)
  4 quokkas
  3 frilled lizards (D:1)
  8 gnoll skeletons (Ossuary)
  11 goblins
  19 kobolds
  8 kobold skeletons (Ossuary)
  9 orc skeletons (Ossuary)
  7 rats
203 creatures vanquished.

Vanquished Creatures (others)
  2 fungi (D:4)
  7 toadstools (D:4)
9 creatures vanquished.

Grand Total: 212 creatures vanquished

Notes
Turn   | Place    | Note
-------+----------+-------------------------------------------
     0 | D:1      | kiwi3s the Minotaur Berserker began the quest for the Orb.
     0 | D:1      | Reached XP level 1. HP: 19/19 MP: 0/0
   168 | D:1      | Reached XP level 2. HP: 22/27 MP: 1/1
   466 | D:1      | Reached XP level 3. HP: 33/33 MP: 2/2
   643 | D:2      | Reached ** piety under Trog
  1425 | D:3      | Reached XP level 4. HP: 38/41 MP: 3/3
  1576 | D:3      | Found a glowing silver altar of Zin.
  1806 | D:3      | Reached *** piety under Trog
  1979 | D:3      | Found an opulent altar of Gozag.
  2323 | D:4      | Noticed a scorpion
  2328 | D:4      | Killed a scorpion
  2329 | D:4      | Reached XP level 5. HP: 40/47 MP: 4/4
  2400 | D:4      | Noticed an ogre
  2410 | D:4      | Killed an ogre
  2411 | D:4      | Reached skill level 5 in Fighting
  2411 | D:4      | Reached skill level 5 in Axes
  2411 | D:4      | Reached XP level 6. HP: 25/56 MP: 2/5
  2762 | D:4      | Found a sand-covered staircase.
  2771 | Ossuary  | Entered an ossuary
  2771 | Ossuary  | Noticed a wraith
  2771 | Ossuary  | Noticed a wraith
  2771 | Ossuary  | Noticed a wraith
  2845 | Ossuary  | Reached **** piety under Trog
  2872 | Ossuary  | Noticed a wraith
  2890 | Ossuary  | Killed a wraith
  2891 | Ossuary  | Reached skill level 5 in Armour
  2891 | Ossuary  | Reached XP level 7. HP: 38/62 MP: 2/6
  3300 | D:4      | Reached skill level 5 in Dodging
  3519 | D:5      | Entered Level 5 of the Dungeon
  3562 | D:5      | Found a transporter.
  3579 | D:5      | Noticed pigah's ghost (novice OpWn)
  3584 | D:5      | Found a transporter.
  3762 | D:5      | Found an iron altar of Okawaru.
  3907 | D:5      | Reached XP level 8. HP: 45/71 MP: 5/7
  4598 | D:6      | Reached ***** piety under Trog
  4838 | D:6      | Found a staircase to the Ecumenical Temple.
  5120 | D:6      | Noticed Dowan
  5121 | D:6      | Noticed Duvessa
  5125 | D:6      | Killed Dowan
  5132 | D:6      | Killed Duvessa
  5436 | D:6      | Found a sparkling altar of Nemelex Xobeh.
  5966 | D:7      | Reached XP level 9. HP: 75/81 MP: 6/8
  5995 | D:7      | Noticed Maggie
  6009 | D:7      | Killed Maggie
  6256 | D:7      | Noticed Joseph
  6264 | D:7      | Paralysed by a hornet for 1 turns
  6270 | D:7      | HP: 4/121 [hornet (12)]
  6270 | D:7      | Mangled by Joseph

Illustrated notes

Levels and vault maps discovered:
D:1:      co_arrival_square_in_a_square_in_a_square, layout_rooms
D:2:      minmay_evil_eye, layout_basic
D:3:      layout_loops_ring, pdpol_temple_overflow_zin_treasury_gozag_greed
D:4:      cheibrodos_fertilizer, layout_cave_pools, enter_ossuary_1,
          chequers_serial_rivers_micro_a, minmay_snake_closets
D:5:      layout_loops_ring, kennysheep_okawaru_gauntlet, gammafunk_ghost_arena,
          kennysheep_generic_room_7
D:6:      layout_basic, nemelex_diamond_rough_becter, minmay_temple_entry_wispy,
          uniq_duvessa
D:7:      layout_basic, serial_glass, glass_columns_a, glass_columns_b,
          glass_columns_a, glass_columns_a, glass_columns_b, glass_columns_a,
          glass_columns_a, glass_columns_c, uniq_joseph, uniq_maggie, uniq_pikel

Skill      XL: |  1  2  3  4  5  6  7  8  9 |
---------------+----------------------------+-----
Fighting       | 4 5 6 8 |  8.2
Axes           | 4 5 6 7 8 |  8.1
Armour         | 3 4 5 6 7 |  7.6
Dodging        | 3 4 5 6 7 |  7.0

Action                     |  1- 3 |  4- 6 |  7- 9 || total
---------------------------+-------+-------+-------++-------
  Melee: Hand axe          |    99 |   132 |   235 ||   466
         Headbutt          |    15 |    25 |    48 ||    88
         Punch             |     1 |     2 |     5 ||     8
 Invoke: Berserk           |       |     2 |     2 ||     4
    Use: Scroll            |       |     3 |       ||     3
   Stab: Sleeping          |     1 |       |       ||     1
 Armour: Animal skin       |     5 |       |       ||     5
         Leather armour    |    20 |    26 |    36 ||    82
  Dodge: Dodged            |    66 |   116 |   206 ||   388

Table legend: (Time is in decaauts)
 A = Elapsed time spent in this place.
 B = Non-inter-level travel time spent in this place.
 C = Inter-level travel time spent in this place.
 D = Time resting spent in this place.
 E = Time spent auto-exploring this place.
 F = Levels seen in this place.
 G = Mean time per level.
                   A        B        C        D        E       F      G
               +--------+--------+--------+--------+--------+-----+--------+
         Total |   6311 |   6026 |    285 |    206 |   4806 |   8 |  788.9 |
       Dungeon |   5970 |   5685 |    285 |    163 |   4605 |   7 |  852.9 |
       Ossuary |    341 |    341 |      0 |     43 |    200 |   1 |  341.0 |
               +--------+--------+--------+--------+--------+-----+--------+

Top non-repeatable levels by time:
     D:6: 1447 daAuts
     D:4: 1049 daAuts
     D:5: 979 daAuts
     D:3: 797 daAuts
     D:2: 742 daAuts
     D:1: 639 daAuts
 Ossuary: 341 daAuts
     D:7: 314 daAuts
